 Dungeon Crawl Stone Soup version 0.25-a0-565-g8875c97ebb (webtiles) character file.

Game seed: 3970223637102661161, levelgen mode: classic

46604 EnegeticOcto the Cleaver (level 14, -1/139 HPs)
             Began as a Deep Dwarf Fighter on Feb 26, 2020.
             Was a High Priest of Makhleb.
             Slain by a titanic slime creature (95 damage)
             ... on level 2 of the Swamp.
             The game lasted 00:09:44 (11510 turns).

EnegeticOcto the Cleaver (Deep Dwarf Fighter)      Turns: 11510, Time: 00:09:45

Health: -1/139     AC: 21    Str: 26    XL:     14   Next: 5%
Magic:  9/9        EV:  5    Int:  4    God:    Makhleb [*****.]
Gold:   737        SH: 29    Dex: 12    Spells: 13/13 levels left

rFire    + + .     SeeInvis .   K - +1 war axe (freeze)
rCold    . . .     Gourm    .   F - +10 tower shield of Ignorance {rN+ Int-4}
rNeg     + + +     Faith    .   t - +2 plate armour {rF+}
rPois    .         Spirit   .   y - +2 hat
rElec    .         Reflect  .   c - scarf {cloud immunity}
rCorr    .         Harm     +   (no gloves)
MR       +++..                  M - +0 pair of boots {Stlth+}
Stlth    ..........             z - amulet of harm
HPRegen  0.00/turn              D - ring "Hisyqut" {rF+ MR+}
MPRegen  0.11/turn              H - ring of positive energy

@: grasped by roots, non-regenerating, constricted
A: damage resistance, heal wounds, horns 1, rugged brown scales 1, negative
energy resistance 1, sense surroundings 2, no regeneration
a: Heal Wounds, Minor Destruction, Lesser Servant of Makhleb, Major Destruction,
Greater Servant of Makhleb, Renounce Religion


You were on level 2 of the Swamp.
You worshipped Makhleb.
Makhleb was extremely pleased with you.
You were not hungry.

You visited 4 branches of the dungeon, and saw 20 of its levels.
You also visited: Volcano.

You collected 1063 gold pieces.
You spent 326 gold pieces at shops.

Inventory:

Hand Weapons
 v - a +2 flail of distortion
 K - a +1 war axe of freezing (weapon)
Missiles
 r - a throwing net (quivered)
Armour
 c - a scarf of cloud immunity (worn)
 t - a +2 plate armour of fire resistance (worn)
 y - a +2 hat (worn)
 C - a scarf of repulsion
 F - the +10 tower shield of Ignorance (worn) {rN+ Int-4}
   (You found it on level 11 of the Dungeon)

   It affects your intelligence (-4).
   It protects you from negative energy.
 M - a +0 pair of boots of stealth (worn)
Jewellery
 w - a cursed -3 ring of intelligence {unknown}
 z - an amulet of harm (around neck)
 D - the ring "Hisyqut" (left hand) {rF+ MR+}
   (You found it on level 10 of the Dungeon)

   [ring of protection from fire]

   It protects you from fire.
   It affects your resistance to hostile enchantments.
 H - a ring of positive energy (right hand)
 P - an uncursed amulet of the gourmand {unknown}
Wands
 g - a wand of flame (33)
 h - a wand of polymorph (8)
 p - a wand of paralysis (7)
 B - a wand of iceblast (15)
 E - a wand of clouds (4)
 G - a wand of scattershot (5)
Scrolls
 a - a scroll of summoning
 b - 4 scrolls of remove curse {@r6}
 l - a scroll of enchant weapon
 s - 4 scrolls of fog
 u - 5 scrolls of teleportation {@r2}
 I - 2 scrolls of magic mapping {@r5}
 L - 2 scrolls of enchant armour
 N - 2 scrolls of identify {@r1}
 Q - 2 scrolls of fear
Potions
 d - 3 potions of lignification {unknown}
 f - 5 potions of mutation
 i - 3 potions of degeneration
 j - 3 potions of stabbing {@q5}
 k - 4 potions of might {@q3}
 m - 2 potions of resistance {@q6}
 n - 5 potions of haste {@q4}
 o - 2 potions of ambrosia
 q - 5 potions of curing {@q1}
 x - 3 potions of heal wounds {unknown}
 A - a potion of brilliance {unknown}
 J - a potion of invisibility {unknown}
Comestibles
 e - 24 rations
 O - 8 chunks of flesh


   Skills:
 * Level 11.5 Fighting
 * Level 13.1 Axes
 + Level 10.1 Armour
 - Level 7.4 Dodging
 * Level 11.4 Shields
 * Level 12.8 Invocations


You had 13 spell levels left.
You didn't know any spells.
Your spell library was empty.

Dungeon Overview and Level Annotations

Branches:
Dungeon (14/15)            Temple (1/1) D:7            Lair (3/6) D:10
  Swamp (2/4) Lair:3       Spider (0/4) Lair:3          Orc (0/2) D:12
Volcano (visited)
 Vaults: D:13-14

Altars:
Ashenzari
Cheibriados
Dithmenos
Fedhas
Gozag
Hepliaklqana
Kikubaaqudgha
Makhleb
Okawaru
Qazlal
Trog
Uskayaw
Wu Jian
Zin
The Shining One
Jiyva

Shops:
D:5 !   D:12 (

Annotations:
D:6 2 transporters, Evashark's ghost, novice DrBe
D:7 1 runed translucent door
D:11 1 runed translucent door, exclusion: 4 orange crystal statues
Lair:1 3 runed translucent doors, Bayliomu's ghost, journeyman DsGl; Xaprouw's ghost, journeyman NaFE
Lair:2 1 runed translucent door, Zekyacus's ghost, journeyman TrBe
Lair:3 exclusion: oklob plant
Swamp:2 Kirke


Innate Abilities, Weirdness & Mutations

You are resistant to damage.
You can heal yourself by infusing magical energy.
You resist negative energy. (rN+)
You passively map the area around you.
You do not regenerate.
You have a pair of small horns on your head.
You are partially covered in rugged brown scales. (AC +1, +3% HP)


Message History

The alligator tail-slaps you but does no damage.
You block the bog body's attack. x2; You block the spriggan rider's attack.
You slice the alligator!! You freeze the alligator.
You kill the alligator!
Makhleb accepts your kill.
You feel better.
Your shield and plate armour prevent you from hitting the bog body.
You closely miss the hog.
Your shield and plate armour prevent you from hitting the shadow.
Your shield prevents you from hitting the shambling mangrove.
You block the hog's attack. You block the shadow's attack.
The bog body hits you! The bog body closely misses you.
You block the spriggan rider's attack.
You block the shambling mangrove's attack.
The hog bites you but does no damage.
You slash the hog! You freeze the hog.
You kill the hog!
Makhleb accepts your kill.
You feel better.
You slash the bog body! You freeze the bog body.
You hit the large slime creature but do no damage.
You completely miss the shambling mangrove.
You hit the shadow. You block the shadow's attack.
The spriggan rider hits you from afar with a +0 spear!
You block the bog body's attack. x2
You block the large slime creature's attack.
The shambling mangrove hits you!
You slash the bog body! You headbutt the bog body.
The bog body is severely damaged.
You slice the large slime creature!! You freeze the large slime creature.
You hit the shambling mangrove. You freeze the shambling mangrove.
You hit the shadow.
A very large slime creature splits.
You block the shadow's attack.
The spriggan rider hits you from afar with a +0 spear!
The bog body barely misses you. You block the bog body's attack.
You block the large slime creature's attack.
The shambling mangrove hits you but does no damage.
Two slime creatures merge to form an enormous slime creature.
You slash the bog body! You freeze the bog body.
You destroy the bog body!
Makhleb accepts your kill.
You miss the swamp worm. You hit the shadow but do no damage.
You hit the shambling mangrove but do no damage.
You slash the enormous slime creature! You freeze the enormous slime creature.
You block the shadow's attack. You block the spriggan rider's attack.
You hit the shadow but do no damage. You headbutt the shadow.
The shadow is severely damaged.
You hit the shambling mangrove. You freeze the shambling mangrove.
You hit the enormous slime creature but do no damage.
You slash the swamp worm! You freeze the swamp worm.
You block the swamp worm's attack.
Two slime creatures merge to form a titanic slime creature.
You block the shambling mangrove's attack.
The shadow slips into darkness.
The shadow flickers and vanishes!
Deactivating autopickup; reactivate with Ctrl-A.
The spriggan rider hits you but does no damage.
The hog bites you but does no damage.
The swamp worm bites you but does no damage.
Kirke gestures wildly while chanting.
Kirke summons a sphinx!
You hit the shambling mangrove but do no damage.
The shambling mangrove is heavily damaged.
You closely miss something.
You hit the swamp worm but do no damage.
You hit the hog. You freeze the hog. You hit the titanic slime creature.
You freeze the titanic slime creature.
The shadow strikes at you from the darkness!
You block the spriggan rider's attack.
You block the shambling mangrove's attack.
You block the hog's attack.
You hit the shambling mangrove. You freeze the shambling mangrove.
Your headbutt misses the shambling mangrove.
The shambling mangrove is heavily damaged.
You slash the titanic slime creature! You freeze the titanic slime creature.
You hit the hog. You freeze the hog. You hit the swamp worm.
You freeze the swamp worm. You hit something.
You block the swamp worm's attack. You block the hog's attack.
The shadow strikes at you from the darkness!
Reactivating autopickup.
The spriggan rider hits you from afar with a +0 spear!
You block the titanic slime creature's attack.
You slash the shadow!
You destroy the shadow!
Makhleb accepts your kill.
You feel better.
You hit the shambling mangrove but do no damage.
You slash the titanic slime creature! You freeze the titanic slime creature.
You closely miss the hog. You closely miss the swamp worm.
You block the swamp worm's attack.
Roots burst forth from the earth!
The grasping roots grab you! The grasping roots constrict you!
You block the hog's attack.
You slash the shambling mangrove! You freeze the shambling mangrove.
Your headbutt misses the shambling mangrove.
The shambling mangrove is heavily damaged.
You hit the swamp worm but do no damage.
You closely miss the hog. You slash the titanic slime creature!
You freeze the titanic slime creature. You block the swamp worm's attack.
You block the spriggan rider's attack. The titanic slime creature hits you!!!!
Ouch! That really hurt!
You die...

,≈, , *, , , ,
♣♣≈...≈.... ≈≈* ≈*
♣♣..≈≈≈≈≈≈≈.≈ ≈ ♣
♣♣≈..≈≈≈≈.≈≈≈≈≈ ≈ * *
..♣....≈≈≈≈.≈≈... ≈ , ,
♣≈.≈≈≈≈≈≈≈≈..≈.≈. ,*≈ *
≈≈.≈≈≈≈≈i≈≈≈.≈≈♣....≈≈≈≈.
*
≈.§≈≈hw.f≈≈.≈≈≈.♣..≈≈...
,..$≈≈@h@.≈≈.....♣.≈≈...≈
≈≈.≈♣.J♣.....♣.♣♣≈.....≈
* .
.≈≈≈H♣♣.≈≈≈..♣♣≈..≈§..
...♣.≈≈ ♣..≈.♣.♣♣....>.§
....≈.≈ ♣♣.§≈..♣♣.≈≈≈≈≈.
≈..♣≈≈♣ ♣.≈≈≈♣♣♣.≈≈≈≈..
.≈≈♣§. ♣♣.≈≈♣ ♣≈≈.≈≈♣. *
≈≈ ♣≈. ♣.§.♣♣♣.≈≈.≈≈. ,,
* ♣..≈.♣≈..≈...♣


You could see Kirke, a shambling mangrove, a sphinx, a titanic slime creature, a
spriggan rider, a swamp worm and 2 hogs.

Vanquished Creatures
  Rupert (Lair:3)
  Gastronok (D:8)
  A thorn hunter (Swamp:2)
  A fire dragon (Volcano)
  4 hydras
  Harold (D:8)
  2 two-headed ogres
  2 alligators (Swamp:2)
  Urug (D:10)
  A spriggan (Swamp:1)
  Nergalle (Lair:3)
  3 skeletal warriors (D:12)
  A wizard (D:10)
  2 swamp dragons
  A wolf spider zombie (D:14)
  An orc knight (D:10)
  An orb spider (Lair:3)
  A lindwurm (Volcano)
  2 ugly things
  A manticore (D:11)
  A cyclops (D:11)
  3 black mambas
  2 molten gargoyles (Volcano)
  Joseph (D:10)
  2 rime drakes
  A gargoyle (D:10)
  An efreet (D:10)
  5 spiny frogs
  A yaktaur (D:10)
  4 komodo dragons
  Grinder (D:4)
  2 tyrant leeches
  3 slime creatures (D:12)
  A hornet (Swamp:1)
  2 bog bodies (Swamp:2)
  11 blink frogs
  5 hippogriffs
  2 shadows
  A human (D:7)
  7 wyverns
  4 hogs
  A wraith (D:14)
  5 fire bats (Volcano)
  5 basilisks
  15 yaks
  2 vampire mosquitoes (Swamp:1)
  A hungry ghost (D:9)
  A steam dragon (Volcano)
  3 swamp worms
  Duvessa (D:4)
  5 water moccasins
  3 hell hounds (Volcano)
  3 porcupines
  6 ice beasts
  A swamp drake (Swamp:2)
  4 sky beasts
  9 orc warriors
  3 black bears
  3 phantoms
  5 ogres
  4 centaurs
  6 crocodiles
  A big kobold (D:11)
  2 gnoll sergeants
  15 bullfrogs
  4 scorpions
  Dowan (D:4)
  4 killer bees (D:6)
  3 howler monkeys
  4 lava snakes (Volcano)
  6 crimson imps
  5 centaur zombies
  5 bullfrog skeletons
  A bullfrog zombie (D:9)
  5 hounds
  A jelly (D:11)
  5 orc priests
  4 centaur skeletons
  13 orc wizards
  5 iguanas
  8 worker ants
  A hound zombie (D:6)
  A howler monkey skeleton (D:10)
  A worker ant zombie (D:9)
  4 adders
  16 gnolls
  5 shadow imps
  An ooze (D:5)
  2 adder zombies
  5 worms
  2 leopard geckos
  41 orcs
  2 giant cockroaches
  2 hobgoblins
  11 jackals
  4 quokkas
  2 ball pythons
  3 bats (D:1)
  A frilled lizard (D:4)
  2 goblins (D:1)
  A jackal skeleton (D:6)
  11 kobolds
  A leopard gecko skeleton (D:7)
  2 rats (D:3)
  2 plants (Lair:1)
390 creatures vanquished.

Vanquished Creatures (others)
  Erica (D:10)
  A centaur (D:10)
  A fungus (Lair:2)
  2 withered plants (Lair:2)
5 creatures vanquished.

Grand Total: 395 creatures vanquished

Notes
Turn   | Place    | Note
-------+----------+-------------------------------------------
     0 | D:1      | EnegeticOcto the Deep Dwarf Fighter began the quest for the
                  | Orb.
     0 | D:1      | Reached XP level 1. HP: 20/20 MP: 1/1
    93 | D:1      | Reached XP level 2. HP: 18/27 MP: 2/2
   311 | D:3      | Reached XP level 3. HP: 34/34 MP: 3/3
   378 | D:3      | Reached skill level 3 in Axes
   496 | D:4      | Noticed Duvessa
   496 | D:4      | Noticed Dowan
   506 | D:4      | Reached skill level 1 in Dodging
   506 | D:4      | Reached XP level 4. HP: 31/42 MP: 4/4
   518 | D:4      | Killed Dowan
   518 | D:4      | Reached XP level 5. HP: 50/50 MP: 5/5
   551 | D:4      | Killed Duvessa
   551 | D:4      | Reached skill level 4 in Axes
   580 | D:4      | Noticed an ogre
   594 | D:4      | Killed an ogre
   594 | D:4      | Reached XP level 6. HP: 53/57 MP: 2/2
   599 | D:4      | Noticed Grinder
   606 | D:4      | Killed Grinder
   606 | D:4      | Reached XP level 7. HP: 61/66 MP: 3/3
   730 | D:4      | Reached skill level 5 in Axes
  1070 | D:4      | Reached skill level 5 in Fighting
  1170 | D:5      | Entered Level 5 of the Dungeon
  1176 | D:5      | Gained mutation: You are partially covered in rugged brown
                  | scales. (AC +1, +3% HP) [potion of mutation]
  1176 | D:5      | Gained mutation: You passively map the area around you.
                  | [potion of mutation]
  1176 | D:5      | Gained mutation: You have a pair of small horns on your
                  | head. [potion of mutation]
  1184 | D:5      | Found Luixu's Distillery.
  1199 | D:5      | Bought a potion of haste for 100 gold pieces
  1359 | D:5      | Reached skill level 5 in Armour
  1359 | D:5      | Reached skill level 5 in Shields
  1359 | D:5      | Reached XP level 8. HP: 58/76 MP: 4/4
  1384 | D:5      | Found an ancient bone altar of Kikubaaqudgha.
  2148 | D:6      | Reached skill level 6 in Axes
  2420 | D:6      | Reached skill level 7 in Axes
  2501 | D:6      | Mutation became permanent: You passively map a small area
                  | around you. [Deep Dwarf growth]
  2501 | D:6      | Gained mutation: You passively map the area around you.
                  | [Deep Dwarf growth]
  2501 | D:6      | Reached XP level 9. HP: 78/87 MP: 3/3
  2550 | D:6      | Found a transporter.
  2551 | D:6      | Noticed Evashark's ghost (novice DrBe)
  2732 | D:6      | Found a transporter.
  3047 | D:7      | Reached skill level 5 in Dodging
  3342 | D:7      | Found a glowing silver altar of Zin.
  3342 | D:7      | Found a runed translucent door.
  3342 | D:7      | Noticed an angel
  3404 | D:7      | Found a staircase to the Ecumenical Temple.
  3420 | Temple   | Entered the Ecumenical Temple
  3506 | Temple   | Became a worshipper of Makhleb the Destroyer
  3750 | D:7      | Reached skill level 8 in Axes
  3750 | D:7      | Reached skill level 1 in Invocations
  3883 | D:8      | Noticed Gastronok
  3910 | D:8      | Killed Gastronok
  3910 | D:8      | Reached skill level 9 in Axes
  3910 | D:8      | Reached skill level 5 in Invocations
  3910 | D:8      | Reached XP level 10. HP: 53/98 MP: 5/7
  4228 | D:8      | Reached * piety under Makhleb
  4353 | D:8      | Noticed Harold
  4372 | D:8      | Killed Harold
  4383 | D:8      | Found a stormy altar of Qazlal.
  4403 | D:8      | Found a snail-covered altar of Cheibriados.
  4406 | D:8      | Found an iron altar of Okawaru.
  4682 | D:9      | Reached XP level 11. HP: 61/107 MP: 6/6
  4823 | D:9      | Reached ** piety under Makhleb
  5134 | D:9      | Reached skill level 10 in Axes
  5372 | D:10     | Entered Level 10 of the Dungeon
  5619 | D:10     | Got a coiled silver ring
  5624 | D:10     | Found a staircase to the Lair.
  5642 | D:10     | Identified the ring "Hisyqut" {rF+ MR+} (You found it on
                  | level 10 of the Dungeon)
  5671 | D:10     | Reached *** piety under Makhleb
  6147 | D:10     | Noticed an orc knight
  6147 | D:10     | Noticed Urug
  6147 | D:10     | Noticed Erica
  6148 | D:10     | Noticed Joseph
  6150 | D:10     | Noticed a +7 Singing Sword {vorpal, sonic wave}
  6154 | D:10     | Noticed a wizard
  6176 | D:10     | Killed an orc knight
  6176 | D:10     | Killed Erica
  6182 | D:10     | Killed a wizard
  6191 | D:10     | Killed Joseph
  6197 | D:10     | Killed Urug
  6863 | D:11     | Found a runed translucent door.
  6870 | D:11     | Found the +10 tower shield of Ignorance {rN+ Int-4}
  6884 | D:11     | Found a runed translucent door.
  6890 | D:11     | Noticed an orange crystal statue
  6890 | D:11     | Noticed an orange crystal statue
  6890 | D:11     | Noticed an orange crystal statue
  6890 | D:11     | Noticed an orange crystal statue
  6969 | D:11     | You fall into a shaft and drop 3 floors!
  7064 | D:13     | Noticed a two-headed ogre
  7073 | D:13     | Killed a two-headed ogre
  7073 | D:13     | Reached XP level 12. HP: 56/118 MP: 7/7
  7075 | D:13     | Reached skill level 11 in Axes
  7117 | D:12     | Noticed a two-headed ogre
  7126 | D:12     | Killed a two-headed ogre
  7148 | D:12     | Reached **** piety under Makhleb
  7249 | D:11     | Reached skill level 10 in Fighting
  7249 | D:11     | Reached skill level 10 in Invocations
  7693 | D:12     | Found Dedwam's Weapon Emporium.
  7693 | D:12     | Found a staircase to the Orcish Mines.
  7713 | D:12     | Bought a +1 war axe of freezing for 226 gold pieces
  7803 | D:12     | Noticed a four-headed hydra
  7810 | D:12     | Killed an eight-headed hydra
  8226 | Lair:1   | Entered Level 1 of the Lair of Beasts
  8233 | Lair:1   | Noticed a five-headed hydra
  8241 | Lair:1   | Killed a nine-headed hydra
  8359 | Lair:1   | Found a runed translucent gate.
  8359 | Lair:1   | Found a runed translucent gate.
  8359 | Lair:1   | Found a runed translucent gate.
  8359 | Lair:1   | Noticed Bayliomu's ghost (journeyman DsGl)
  8760 | Lair:1   | Found a dark tunnel.
  8766 | Volcano  | Entered a volcano
  8789 | Volcano  | Reached skill level 12 in Axes
  8849 | Volcano  | Reached skill level 10 in Shields
  8873 | Volcano  | Found a bloodstained altar of Trog.
  8882 | Volcano  | Reached XP level 13. HP: 126/127 MP: 8/8
  8924 | Volcano  | Noticed a fire dragon
  8943 | Volcano  | Killed a fire dragon
  9019 | Lair:1   | Noticed Xaprouw's ghost (journeyman NaFE)
  9412 | Lair:2   | Found a runed translucent door.
  9412 | Lair:2   | Noticed Zekyacus's ghost (journeyman TrBe)
  9654 | Lair:2   | Reached ***** piety under Makhleb
 10221 | Lair:3   | Noticed Nergalle
 10257 | Lair:3   | Killed Nergalle
 10295 | Lair:3   | Found a hole to the Spider Nest.
 10474 | Lair:3   | Noticed Rupert
 10486 | Lair:3   | Killed Rupert
 10495 | Lair:3   | Found a stormy altar of Qazlal.
 10798 | Lair:3   | Found a staircase to the Swamp.
 11174 | Swamp:1  | Entered Level 1 of the Swamp
 11255 | Swamp:1  | Reached skill level 10 in Armour
 11414 | Swamp:2  | Reached skill level 13 in Axes
 11455 | Swamp:2  | Noticed a thorn hunter
 11465 | Swamp:2  | Killed a thorn hunter
 11465 | Swamp:2  | Gained mutation: You resist negative energy. (rN+) [Deep
                  | Dwarf growth]
 11465 | Swamp:2  | Reached XP level 14. HP: 139/139 MP: 9/9
 11496 | Swamp:2  | Noticed Kirke
 11507 | Swamp:2  | Noticed a sphinx
 11510 | Swamp:2  | Slain by a titanic slime creature

Levels and vault maps discovered:
D:1:      dpeg_arrival_oval, layout_basic
D:2:      layout_basic, nicolae_ru_the_path_less_chosen, fedhas_ov_isle_minmay
D:3:      minmay_general_purpose_star, layout_basic,
          nicolae_overflow_hidden_temple, lemuel_coloured_pillars_altar,
          grunt_temple_overflow_open, trog_book
D:4:      layout_loops_ring, uniq_duvessa, uniq_grinder
D:5:      layout_rooms, kiku_gazebo_pond_becter, first_ration,
          serial_co_window_serial, co_window_corner_a,
          co_window_of_opportunity_a, co_window_corner_a, co_window_corner_a,
          co_window_paths_a, co_window_broadway_b, co_window_cross_3,
          co_window_corner_b, glass_columns_c, glass_columns_b, glass_columns_a,
          glass_columns_b, glass_columns_a, serial_shops, shop
D:6:      layout_basic, gammafunk_ghost_mausoleum, minmay_manual_monolith
D:7:      layout_loops_ring, minmay_temple_entry_mist, grunt_livestock,
          lemuel_angel_altar
D:8:      layout_loops_ring, minmay_overflow_temple_star_quad, uniq_gastronok,
          uniq_harold
D:9:      layout_roguey, minmay_misc_feat_tiny
D:10:     layout_layer_cave, lair_entry_dummy, minivault_20, sword_in_stone
D:11:     layout_loops_corners, chequers_guarded_unrand_ignorance
D:12:     layout_basic, orc_david_3
D:13:     gammafunk_wand_slinger, layout_loops_ring, nzn_random_ring
D:14:     layout_loops_ring, hangedman_vaults_entry_quadrant_bands,
          minmay_misc_feat_four_crosses,
          portal_ice_cave_entry_animals_and_master
Temple:   pf_slime_end_temple
Lair:1:   layout_small_grid, serial_forest, infiniplex_forest_lined_2,
          infiniplex_forest_split, infiniplex_forest_lined_2,
          infiniplex_forest_straight_2, gammafunk_ghost_cemetery,
          nicolae_volcano_entry_s_turn, nicolae_quartered_pool_little,
          infiniplex_staircase_pool
Lair:2:   beast_lair_carwin_large_2, layout_regular_city, gammafunk_ghost_grave
Lair:3:   layout_regular_city, minmay_swamp_entry_worms,
          nicolae_spider_entry_orb_guardian, lemuel_oklob_altar,
          lemuel_fruit_fields, uniq_nergalle, uniq_rupert
Swamp:1:  layout_falls_marsh, evilmike_swamp_ruin_wall
Swamp:2:  layout_falls_marsh, nicolae_swamp_godswood, uniq_roxanne, uniq_kirke

Skill      XL: |  1  2  3  4  5  6  7  8  9 10 11 12 13 |
---------------+----------------------------------------+-----
Fighting       | 3 4 5 6 7 8 9 10 11 | 11.5
Axes           | 3 4 5 7 9 10 12 13 | 13.1
Dodging        | 1 2 3 4 6 7 |  7.4
Armour         | 4 5 7 8 9 10 | 10.1
Shields        | 4 5 7 8 10 11 | 11.4
Invocations    | 5 6 9 11 12 | 12.8

Action                   |  1- 3 |  4- 6 |  7- 9 | 10-12 | 13-15 || total
-------------------------+-------+-------+-------+-------+-------++-------
Melee: War axe           |   100 |    54 |   446 |   610 |   378 ||  1588
       Headbutt          |       |       |    80 |   147 |   118 ||   345
 Abil: Heal Wounds       |     2 |    11 |    15 |    23 |     4 ||    55
Evoke: Wand              |       |       |       |     2 |       ||     2
  Use: Scroll            |       |       |    12 |     6 |     4 ||    22
       Potion            |       |       |     1 |       |       ||     1
 Stab: Confused          |       |       |       |     3 |       ||     3
  Eat: Ration            |       |     1 |       |     3 |     1 ||     5
       Chunk             |       |       |     8 |     8 |     5 ||    21
Armor: Scale mail        |    55 |    17 |   142 |       |       ||   214
       Plate armour      |       |       |    51 |   241 |   107 ||   399
Dodge: Dodged            |    37 |    15 |   150 |   144 |    53 ||   399
Block: Kite shield       |    74 |    32 |   236 |   213 |       ||   555
       Tower shield      |       |       |       |   362 |   434 ||   796

Table legend:
 A = Non-vault XP
 B = Vault XP
 C = Vault XP percentage of total XP
 D = Non-vault monster count
 E = Vault monster count
 F = Vault count percentage of total count
                 A         B        C        D         E       F
            +---------+---------+-------+---------+---------+-------
      Total |   46977 |   19601 |  29.4 |     332 |      58 |  14.9
            +---------+---------+-------+---------+---------+-------
        D:1 |      21 |       0 |   0.0 |      13 |       0 |   0.0
        D:2 |       9 |       0 |   0.0 |       5 |       0 |   0.0
        D:3 |      14 |      26 |  65.0 |       6 |       4 |  40.0
        D:4 |     504 |     513 |  50.4 |      20 |       3 |  13.0
        D:5 |     422 |       0 |   0.0 |      12 |       0 |   0.0
        D:6 |    1713 |      96 |   5.3 |      38 |       2 |   5.0
        D:7 |     721 |     977 |  57.5 |      24 |       5 |  17.2
        D:8 |    1446 |    3262 |  69.3 |      22 |       2 |   8.3
        D:9 |    3208 |       0 |   0.0 |      41 |       0 |   0.0
       D:10 |    2333 |    3956 |  62.9 |      30 |       7 |  18.9
       D:11 |    3619 |       0 |   0.0 |      25 |       0 |   0.0
       D:12 |    7197 |     415 |   5.5 |      18 |       7 |  28.0
       D:13 |    2127 |       0 |   0.0 |       7 |       0 |   0.0
       D:14 |     800 |       0 |   0.0 |       2 |       0 |   0.0
     Lair:1 |    2675 |       0 |   0.0 |      12 |       0 |   0.0
     Lair:2 |    4004 |    1537 |  27.7 |      16 |       6 |  27.3
     Lair:3 |    5067 |    4294 |  45.9 |      20 |       4 |  16.7
    Swamp:1 |    4446 |       0 |   0.0 |      10 |       0 |   0.0
    Swamp:2 |    6651 |     196 |   2.9 |      11 |       1 |   8.3
    Volcano |       0 |    4329 | 100.0 |       0 |      17 | 100.0
            +---------+---------+-------+---------+---------+-------
